 Dungeon Crawl Stone Soup version 0.27-b1-16-g6517624069 (webtiles) character file.

Game seed: 4383636124191626176

13 mhtbhm the Covered (level 2, -4/27 HPs)
             Began as a Minotaur Fighter on July 27, 2021.
             Slain by Sigmund (10 damage)
             ... on level 2 of the Dungeon.
             The game lasted 00:00:49 (875 turns).

mhtbhm the Covered (Minotaur Fighter)                Turns: 875, Time: 00:00:51

Health: -4/27      AC: 10    Str: 20    XL:     2   Next: 24%
Magic:  1/1        EV:  5    Int:  5    God:
Gold:   34         SH:  9    Dex:  9    Spells: 1/1 levels left

rFire    . . .     SeeInvis .   a - +0 long sword
rCold    . . .     Faith    .   c - +0 kite shield
rNeg     . . .     Spirit   .   b - +0 chain mail
rPois    .         Reflect  .   (helmet restricted)
rElec    .         Harm     .   f - +0 cloak
rCorr    .         Rampage  .   (no gloves)
Will     .....                  (no boots)
Stlth    ..........             (no amulet)
HPRegen  0.09/turn              (no ring)
MPRegen  0.07/turn              (no ring)

@: mighty
A: horns 2, retaliatory headbutt
a: no special abilities


You were on level 2 of the Dungeon.
You visited 1 branch of the dungeon, and saw 2 of its levels.

You collected 34 gold pieces.

Inventory:

Hand Weapons
 a - a +0 long sword (weapon)
Armour
 b - a +0 chain mail (worn)
 c - a +0 kite shield (worn)
 f - a +0 cloak (worn)
Scrolls
 e - a scroll of enchant armour {unknown}
 g - 2 scrolls of brand weapon {unknown}
 h - a scroll of identify {unknown}


   Skills:
 + Level 3.9 Fighting
 + Level 2.5 Long Blades
 + Level 3.9 Armour
 + Level 3.9 Shields


You had one spell level left.
You didn't know any spells.
Your spell library was empty.

Dungeon Overview and Level Annotations

Branches:
Dungeon (2/15)

Altars:

Shops:
D:1 *

Annotations:
D:2 Sigmund


Innate Abilities, Weirdness & Mutations

You have a pair of horns on your head.
You reflexively headbutt those who attack you in melee.


Message History

You furiously retaliate!
You headbutt the goblin!
You kill the goblin!
Sigmund hits you but does no damage.
You slash the bat!
You kill the bat!
You block Sigmund's attack. Sigmund hits you but does no damage.
Sigmund hits you but does no damage.
You slash Sigmund! You headbutt Sigmund.
Sigmund is heavily wounded.
You block Sigmund's attack. x2
You closely miss Sigmund.
Sigmund is heavily wounded.
Sigmund closely misses you.
You barely miss Sigmund.
Sigmund is heavily wounded.
Sigmund hits you with a +0 scythe!
* * * LOW HITPOINT WARNING * * *
You are too injured to fight recklessly!
You are too injured to fight recklessly!
You are too injured to fight recklessly!
You are too injured to fight recklessly!
You are too injured to fight recklessly!
You are too injured to fight recklessly!
You are too injured to fight recklessly!
You are too injured to fight recklessly!
You are too injured to fight recklessly!
You are too injured to fight recklessly!
You are too injured to fight recklessly!
Unknown command.
You feel very mighty all of a sudden.
Sigmund casts a spell.
Sigmund flickers and vanishes!
Deactivating autopickup; reactivate with Ctrl-A.
You closely miss something. Your headbutt misses something.
You hear some strange, mumbled words.
A magic dart appears from out of thin air!
The magic dart hits you.
* * * LOW HITPOINT WARNING * * *
Something hits you!
You die...

.## ##
#.######?
.##........ #
#...........
#.##......#.#.#
............
#..)..#.#.#.
#.##..<........
#....)$@#.#.#.
####.#..{......
#.#.#.#.#.#. #
..... ..
..#.#.# #.# #..
. .. . ..#
#.#.# #.# ..


There were no monsters in sight!

Vanquished Creatures
  A dart slug (D:1)
  3 ball pythons (D:1)
  2 goblins (D:2)
  2 bats
  2 rats (D:1)
10 creatures vanquished.

Vanquished Creatures (others)
  A plant (D:1)
1 creature vanquished.

Grand Total: 11 creatures vanquished

Notes
Turn   | Place    | Note
-------+----------+-------------------------------------------
     0 | D:1      | mhtbhm the Minotaur Fighter began the quest for the Orb.
     0 | D:1      | Reached XP level 1. HP: 19/19 MP: 0/0
    66 | D:1      | Found Hoheimmaich's Assorted Antiques.
   389 | D:1      | Reached XP level 2. HP: 23/27 MP: 1/1
   525 | D:1      | Found a faded altar of an unknown god.
   865 | D:2      | Noticed Sigmund
   875 | D:2      | Slain by Sigmund

Illustrated notes

Levels and vault maps discovered:
D:1:      minmay_arrival_glassed_features, layout_basic, basic_ecumenical_altar,
          serial_shops, nicolae_shop_overgrown_old_shop
D:2:      layout_loops_ring, serial_shops, shop, supply_closet_lemuel,
          hex_large, uniq_sigmund

Action                   || total
-------------------------++-------
Melee: Long sword        ||    24
       Headbutt          ||     8
  Use: Potion            ||     1
Armor: Scale mail        ||     4
       Chain mail        ||     6
Dodge: Dodged            ||    11
Block: Kite shield       ||    20
       Rpst.: Long sword ||     5
